 Dungeon Crawl Stone Soup version 0.31-a0-202-g547052bce9 (webtiles) character file.

Game seed: 2602188071242219594

46 qw the Shooter (level 3, -3/20 HPs)
             Began as a Deep Elf Hunter on June 26, 2023.
             Slain by a hobgoblin (4 damage)
             ... on level 2 of the Dungeon.
             The game lasted 00:00:20 (698 turns).

qw the Shooter (Deep Elf Hunter)                     Turns: 698, Time: 00:00:20

Health: -3/20      AC:  5    Str: 10    XL:     3   Next: 46%
Magic:  5/5        EV: 11    Int: 13    God:
Gold:   140        SH:  0    Dex: 18    Spells: 2/2 levels left

rFire   . . .        Y - +0 shortbow
rCold   . . .        (shield currently unavailable)
rNeg    . . .        d - +0 ring mail
rPois   .            (no helmet)
rElec   .            (no cloak)
rCorr   .            (no gloves)
SInv    .            (no boots)
Will    .....        (no amulet)
Stlth   +            (no ring)
HPRegen 0.23/turn    (no ring)
MPRegen 0.09/turn

%: no passive effects
@: no status effects
A: no striking features
a: no special abilities


You were on level 2 of the Dungeon.
You visited 1 branch of the dungeon, and saw 2 of its levels.

You collected 140 gold pieces.


   Skills:
 - Level 1.5 Fighting
 + Level 7.0 Ranged Weapons
 - Level 2.4 Dodging
 - Level 1.2 Stealth


You had 2 spell levels left.
You didn't know any spells.
Your spell library was empty.

Inventory:

Hand Weapons
 Y - a +0 shortbow (weapon)
Armour
 d - a +0 ring mail (worn)
Jewellery
 a - a +6 ring of dexterity
Scrolls
 b - a scroll of poison {unknown}
Potions
 f - a potion of curing

Dungeon Overview and Level Annotations

Branches:
Dungeon (2/15)

Altars:


Message History

You shoot an arrow. The arrow completely misses the adder.
The arrow hits the goblin!
You kill the goblin!
The adder bites you but does no damage. The hobgoblin hits you.
The adder barely misses you.
You shoot an arrow. The arrow hits the adder.
The adder is moderately wounded.
The adder bites you.
The hobgoblin hits you but does no damage.
You shoot an arrow. The arrow closely misses the adder.
The arrow hits the endoplasm!
You kill the endoplasm!
The adder bites you but does no damage.
The hobgoblin hits you but does no damage.
The adder bites you but does no damage.
You shoot an arrow. The arrow hits the adder!
You kill the adder!
The hobgoblin hits you. The giant cockroach barely misses you.
The hobgoblin hits you but does no damage.
Your Ranged Weapons skill increases to level 7!
You shoot an arrow. The arrow barely misses the worm.
The giant cockroach barely misses you. The hobgoblin misses you.
The worm bites you.
You shoot an arrow. The arrow barely misses the worm.
The giant cockroach bites you but does no damage.
The hobgoblin hits you but does no damage.
The giant cockroach barely misses you.
You shoot an arrow. The arrow hits the worm!
The worm is heavily wounded.
The giant cockroach closely misses you. The hobgoblin misses you.
The worm bites you.
You shoot an arrow. The arrow hits the worm!
The worm is almost dead.
The giant cockroach bites you but does no damage.
The hobgoblin hits you but does no damage.
The worm bites you! The giant cockroach closely misses you.
You shoot an arrow. The arrow barely misses the worm.
The hobgoblin hits you but does no damage.
The giant cockroach bites you. The hobgoblin hits you.
You die...

#######.........%...####
..........)#############
######.#...............
##.#..#############
#..#..# #.##..# ######
#.##..# #....[ #.##..#
...... #g@...# ......
#...wB....... ..####
#...#..#...... #
.......).....##
##...#..####.# ##......
# .. #..# ### #...


You could see a worm, a giant cockroach and a hobgoblin.

Vanquished Creatures
  2 adders (D:2)
  3 endoplasms
  A giant cockroach (D:1)
  3 goblins
  A hobgoblin (D:1)
  3 jackals (D:1)
  A quokka (D:2)
  2 ball pythons (D:1)
  3 bats
  A frilled lizard (D:1)
  5 kobolds
  A rat (D:2)
26 creatures vanquished.

Notes
Turn   | Place    | Note
-------+----------+-------------------------------------------
     0 | D:1      | qw the Deep Elf Hunter began the quest for the Orb.
     0 | D:1      | Reached XP level 1. HP: 12/12 MP: 3/3
     0 | D:1      | 0 ||| qw: Version: 0.3-a-22-g0ed2b0b
     0 | D:1      | 0 ||| qw: Game counter: 5995
     0 | D:1      | 0 ||| qw: Melee chars always use a shield: true
     0 | D:1      | 0 ||| qw: God list: Okawaru
     0 | D:1      | 0 ||| qw: Allow faded altars: false
     0 | D:1      | 0 ||| qw: Do Orc after clearing Dungeon:15 true
     0 | D:1      | 0 ||| qw: Do second Lair branch before Depths: true
     0 | D:1      | 0 ||| qw: Lair rune preference: random
     0 | D:1      | 0 ||| qw: Goals: Normal
     0 | D:1      | 0 ||| PLANNING D:1-11
   238 | D:1      | Reached XP level 2. HP: 16/16 MP: 4/4
   239 | D:1      | Reached skill level 6 in Ranged Weapons
   482 | D:1      | 482 ||| UPGRADING to +0 ring mail.
   492 | D:1      | 492 ||| DROPPING +0 leather armour.
   493 | D:1      | 493 ||| READING scroll labelled MITATU HUCZELAG.
   494 | D:1      | 494 ||| DRINKING 2 black potions.
   495 | D:1      | 495 ||| DRINKING 2 smoky cyan potions.
   496 | D:1      | 496 ||| DROPPING scroll of butterflies.
   497 | D:1      | 497 ||| DROPPING potion of magic.
   664 | D:2      | Reached XP level 3. HP: 19/20 MP: 5/5
   694 | D:2      | Reached skill level 7 in Ranged Weapons
   697 | D:2      | HP: 2/20 [worm (9)]
   698 | D:2      | Slain by a hobgoblin

Levels and vault maps discovered:
D:1:      roderic_chinese_lattice_arrival, layout_rooms, minmay_pentomino_z2
D:2:      layout_loops_ring

Skill      XL: |  1  2  3 |
---------------+----------+-----
Ranged Weapons | 6 7 |  7.0
Fighting       | |  1.5
Dodging        | |  2.4
Stealth        | |  1.2

Action                     || total
---------------------------++-------
   Fire: Shortbow          ||    84
    Use: Potion            ||     2
         Scroll            ||     1
 Armour: Leather armour    ||     3
         Ring mail         ||    26
  Dodge: Dodged            ||    30

Table legend:
 A = Non-vault XP
 B = Vault XP
 C = Vault XP percentage of total XP
 D = Non-vault monster count
 E = Vault monster count
 F = Vault count percentage of total count
                 A         B        C        D         E       F
            +---------+---------+-------+---------+---------+-------
      Total |      64 |       3 |   4.5 |      24 |       2 |   7.7
            +---------+---------+-------+---------+---------+-------
        D:1 |      20 |       3 |  13.0 |      12 |       2 |  14.3
        D:2 |      44 |       0 |   0.0 |      12 |       0 |   0.0
            +---------+---------+-------+---------+---------+-------
